[Event "CRO Team Cup 2019"]
[Site "Losinj"]
[Date "2019.05.15"]
[Round "1.12"]
[White "Pavcevic, Bruno"]
[Black "Rogic, Davor"]
[Result "1/2-1/2"]
[ECO "B40"]
[WhiteElo "2098"]
[BlackElo "2498"]
[Annotator "ChessBase"]
[PlyCount "83"]
[EventDate "2019.05.15"]
[EventType "team-tourn"]
[EventCountry "CRO"]
[SourceTitle "playchess.com"]
[Source "ChessBase"]
[SourceQuality "1"]
[TimeControl "40/5400+30:1800+30"]

1. e4 c5 2. Nf3 e6 3. c4 Nc6 4. d3 Nf6 5. Be2 d5 6. Nbd2 Be7 7. O-O O-O 8. b3 b6 9. Bb2 Bb7 10. Re1 Qc7 11. e5 Nd7 12. cxd5 exd5 13. d4 cxd4 14. Bd3 h6 15. Rc1 Bc5 16. Bb1 Rfe8 17. Qc2 Nf8 18. Nxd4 Qd7 19. N2f3 Bxd4 20. Bxd4 Nxd4 21. Nxd4 Rac8 22. Qd2 Rxc1 23. Qxc1 Qg4 24. Qd2 Ne6 25. Nxe6 Qxe6 26. Qd3 g6 27. f4 Qg4 28. Qd4 Rc8 29. e6 fxe6 30. h3 Qg3 31. Qe5 Rc6 32. Bc2 Kf7 33. Re3 Qh4 34. Bxg6+ Kxg6 35. f5+ Kh7 36. Rg3 Qe7 37. f6 Qd6 38. Qh5 Qxg3 39. Qf7+ Kh8 40. Qf8+ Kh7 41. Qf7+ Kh8 42. Qf8+ 1/2-1/2

[Event "CRO Team Cup 2019"]
[Site "Losinj"]
[Date "2019.05.15"]
[Round "1.20"]
[White "Kovac, Petar"]
[Black "Cotic, Borna"]
[Result "0-1"]
[ECO "E05"]
[WhiteElo "1874"]
[BlackElo "2103"]
[Annotator "NA"]
[PlyCount "70"]
[EventDate "2019.05.15"]
[EventType "team-tourn"]
[EventCountry "CRO"]
[SourceTitle "playchess.com"]
[Source "ChessBase"]
[SourceQuality "1"]
[TimeControl "40/5400+30:1800+30"]

1. d4 Nf6 2. c4 e6 3. Nf3 d5 4. g3 Be7 5. Bg2 O-O 6. O-O dxc4 7. Qc2 a6 8. Qxc4 b5 9. Qc2 Bb7 10. Bf4 Nd5 {[%emt 0:02:30] E05: Open Catalan: 5 Nf3 Be7} (10... Nc6 11. Rd1 Rc8 12. a3 Na5 13. Nc3 Nd5 14. b4 Nc4 15. Ne5 Nxe5 16. Bxe5 Nxc3 17. Bxb7 Nxd1 18. Rxd1 Qd7 19. Rc1 {1-0 (115) Meier,G (2628)-Dominguez Perez,L (2739) chess.com INT 2018}) 11. Rd1 Nd7 12. e4 Nxf4 13. gxf4 Nf6 $146 ({Predecessor:} 13... Qc8 14. Nc3 c5 15. d5 exd5 16. Nxd5 Bxd5 17. Rxd5 Nf6 18. Re5 {0-1 (27) Edgell,B (2005)-Spence,D (2174) Sunningdale 2007}) 14. Ne5 Qd6 15. a3 {[%emt 0:04:30] [#]} c5 (15... Nh5 $1 $17 16. Qc1 Rad8) 16. d5 exd5 17. exd5 Rad8 18. Nc3 Qc7 19. Rd2 Bd6 20. Re1 Rfe8 21. Ne4 $17 Nxe4 22. Bxe4 h6 23. Rde2 Bxe5 24. fxe5 Bxd5 25. Bxd5 Rxd5 26. f4 c4 27. Rg2 Rd3 28. Kh1 Qd7 29. Reg1 g6 30. Qf2 Qf5 31. Qb6 Re6 32. Qf2 Kg7 33. Qh4 Rd4 34. Rf2 Qe4+ 35. Rfg2 Qxf4 0-1

[Event "CRO Team Cup 2019"]
[Site "Losinj"]
[Date "2019.05.16"]
[Round "2.2"]
[White "Markus, Robert"]
[Black "Vernacki, Srdjan"]
[Result "1-0"]
[ECO "A77"]
[WhiteElo "2595"]
[BlackElo "2338"]
[Annotator "ChessBase"]
[PlyCount "73"]
[EventDate "2019.05.15"]
[EventType "team-tourn"]
[EventCountry "CRO"]
[SourceTitle "playchess.com"]
[Source "ChessBase"]
[SourceQuality "1"]
[TimeControl "40/5400+30:1800+30"]

1. d4 Nf6 2. c4 c5 3. d5 e6 4. Nc3 exd5 5. cxd5 d6 6. Nf3 g6 7. Nd2 Bg7 8. e4 O-O 9. Be2 a6 10. a4 Re8 11. O-O Nbd7 12. Qc2 Ne5 13. Nb3 c4 14. Nd4 Qb6 15. a5 Qxd4 16. Be3 Nf3+ 17. Bxf3 Qe5 18. Qd1 Bd7 19. Bd4 Qe7 20. Re1 h5 21. Qd2 Bg4 22. Bd1 Bxd1 23. Raxd1 Qc7 24. Bb6 Qd7 25. f4 Rac8 26. h3 Nh7 27. Kh1 Bh6 28. Qf2 g5 29. fxg5 Bxg5 30. e5 Rxe5 31. Rxe5 dxe5 32. Ne4 Bf4 33. d6 Qa4 34. Qe2 Nf8 35. d7 Nxd7 36. Rxd7 Rc6 37. Qxh5 1-0

[Event "CRO Team Cup 2019"]
[Site "Losinj"]
[Date "2019.05.16"]
[Round "2.5"]
[White "Kozul, Zdenko"]
[Black "Jovanovic, Zoran"]
[Result "1-0"]
[ECO "A41"]
[WhiteElo "2582"]
[BlackElo "2512"]
[Annotator "ChessBase"]
[PlyCount "71"]
[EventDate "2019.05.15"]
[EventType "team-tourn"]
[EventCountry "CRO"]
[SourceTitle "playchess.com"]
[Source "ChessBase"]
[SourceQuality "1"]
[TimeControl "40/5400+30:1800+30"]

1. d4 d6 2. Nf3 g6 3. c4 Bg7 4. Nc3 Bg4 5. e3 e5 6. d5 a5 7. e4 Nd7 8. h3 Bxf3 9. Qxf3 h5 10. Bd3 Bh6 11. Bxh6 Nxh6 12. O-O-O h4 13. Kb1 Ng8 14. Qe3 Ngf6 15. Be2 Kf8 16. Rdg1 Nh5 17. g3 Nc5 18. Bxh5 Rxh5 19. g4 Rh7 20. f4 exf4 21. Qxf4 Qe7 22. Kc2 Re8 23. Re1 Qe5 24. Rhf1 Qd4 25. Rf3 Qxc4 26. Qg5 Qd4 27. e5 Rxe5 28. Qd8+ Kg7 29. Ref1 f5 30. Qxc7+ Kg8 31. Qd8+ Kg7 32. gxf5 Rxf5 33. Rxf5 gxf5 34. Qg5+ Kh8 35. Rxf5 Qg7 36. Qd8+ 1-0

[Event "CRO Team Cup 2019"]
[Site "Losinj"]
[Date "2019.05.16"]
[Round "2.7"]
[White "Palac, Mladen"]
[Black "Dutina, Dario"]
[Result "1-0"]
[ECO "A80"]
[WhiteElo "2546"]
[BlackElo "2225"]
[Annotator "RC"]
[PlyCount "57"]
[EventDate "2019.05.15"]
[EventType "team-tourn"]
[EventCountry "CRO"]
[SourceTitle "playchess.com"]
[Source "ChessBase"]
[SourceQuality "1"]
[TimeControl "40/5400+30:1800+30"]

1. d4 f5 2. Bg5 h6 3. Bh4 g5 4. e3 Nf6 5. Bg3 Bg7 6. Nd2 b6 7. h4 g4 8. h5 O-O 9. Ne2 d5 10. Nf4 Re8 11. c4 c5 12. cxd5 cxd4 13. Bb5 e5 14. dxe6 Re7 15. Nb3 Nd5 16. Ng6 Rxe6 17. Nxd4 Re4 18. Bc6 Rxd4 19. Bxd5+ Kh7 20. exd4 Qxd5 21. O-O Bb7 22. Nf4 Qxd4 23. Qb3 Na6 24. Qf7 Be4 25. Rad1 Qxb2 26. Ne6 Nc5 27. Nxc5 bxc5 28. Rd7 Rf8 29. Qxf8 1-0

[Event "CRO Team Cup 2019"]
[Site "Losinj"]
[Date "2019.05.16"]
[Round "2.11"]
[White "Blazeka, Matej"]
[Black "Rogic, Davor"]
[Result "0-1"]
[ECO "C47"]
[WhiteElo "2357"]
[BlackElo "2498"]
[Annotator "RC"]
[PlyCount "142"]
[EventDate "2019.05.15"]
[EventType "team-tourn"]
[EventCountry "CRO"]
[SourceTitle "playchess.com"]
[Source "ChessBase"]
[SourceQuality "1"]
[TimeControl "40/5400+30:1800+30"]

1. e4 e5 2. Nf3 Nc6 3. Nc3 Nf6 4. a3 d6 5. d4 Be7 6. Bb5 Bd7 7. O-O O-O 8. dxe5 Nxe5 9. Nxe5 Bxb5 10. Nxb5 dxe5 11. Qe2 a6 12. Rd1 Qc8 13. Nc3 c6 14. Bg5 Rd8 15. a4 Qe6 16. Be3 Rxd1+ 17. Qxd1 Qc4 18. f3 Rd8 19. Qe1 Bb4 20. Qe2 Qe6 21. Na2 Be7 22. Nc1 Nh5 23. g3 g6 24. Nd3 Ng7 25. b3 Qd6 26. Bb6 Rd7 27. Bc5 Qf6 28. Bxe7 Qxe7 29. Qf2 Rd4 30. Re1 c5 31. f4 exf4 32. Nxf4 Rxe4 33. Rxe4 Qxe4 34. Qxc5 Nf5 35. Qc8+ Kg7 36. Qc3+ Qd4+ 37. Qxd4+ Nxd4 38. Nd3 Nxc2 39. Nc5 Nd4 40. b4 Nc6 41. b5 axb5 42. axb5 Nd8 43. Kf2 Kf6 44. Ke3 Ke5 45. Nd7+ Kd6 46. Nf6 h5 47. Kd4 Ne6+ 48. Kc4 Ng5 49. Ne8+ Ke7 50. Nc7 Kd7 51. Nd5 Kd6 52. Nf6 Ke6 53. h4 Kxf6 54. hxg5+ Kxg5 55. Kc5 h4 56. gxh4+ Kxh4 57. Kb6 f5 58. Kxb7 f4 59. b6 f3 60. Kc6 f2 61. b7 f1=Q 62. b8=Q Qf3+ 63. Kc5 Qf2+ 64. Kc4 g5 65. Qd8 Qe3 66. Kb5 Kh3 67. Qh8+ Kg3 68. Qb8+ Qf4 69. Qa7 Qf5+ 70. Kc6 Qf2 71. Qb8+ Kg2 0-1

[Event "CRO Team Cup 2019"]
[Site "Losinj"]
[Date "2019.05.16"]
[Round "2.12"]
[White "Kovacevic, Vlatko"]
[Black "Brumen, Dinko"]
[Result "1-0"]
[ECO "D46"]
[WhiteElo "2470"]
[BlackElo "2320"]
[Annotator "RC"]
[PlyCount "151"]
[EventDate "2019.05.15"]
[EventType "team-tourn"]
[EventCountry "CRO"]
[SourceTitle "playchess.com"]
[Source "ChessBase"]
[SourceQuality "1"]
[TimeControl "40/5400+30:1800+30"]

1. d4 Nf6 2. Nf3 d5 3. e3 c6 4. c4 e6 5. Nbd2 Nbd7 6. Bd3 Bd6 7. O-O O-O 8. e4 dxe4 9. Nxe4 Nxe4 10. Bxe4 h6 11. Bc2 e5 12. Re1 Bb4 13. Bd2 Bxd2 14. Qxd2 exd4 15. Nxd4 Nf6 16. Qc3 c5 17. Nb5 Be6 18. Rad1 Qb8 19. Nd6 Rd8 20. Qg3 Ne8 21. Nxe8 Qxg3 22. hxg3 Rxd1 23. Bxd1 Rxe8 24. Bf3 Rd8 25. Bxb7 Rb8 26. Bd5 Rxb2 27. Bxe6 fxe6 28. Rxe6 Rxa2 29. Rc6 Ra1+ 30. Kh2 Ra5 31. g4 Kf7 32. Kg3 g5 33. Rxh6 Ra4 34. Rd6 Rxc4 35. Ra6 Rc3+ 36. f3 Rc2 37. Rxa7+ Kf6 38. Ra6+ Kf7 39. Rd6 c4 40. Rc6 Kg7 41. Kh3 Kf7 42. Rc5 Kf6 43. g3 Rc3 44. Kg2 Rc2+ 45. Kf1 Rc1+ 46. Ke2 Rc2+ 47. Ke3 Rg2 48. Rxc4 Rxg3 49. Ke4 Rh3 50. Rc8 Rg3 51. Rf8+ Kg7 52. Rf5 Kg6 53. Ke5 Rh3 54. Ke6 Rg3 55. Rf8 Kg7 56. Rf6 Rh3 57. Ke7 Rh1 58. Re6 Rf1 59. Re3 Kg6 60. Kf8 Kf6 61. Ra3 Kg6 62. Kg8 Kf6 63. Ra6+ Ke5 64. Kg7 Rxf3 65. Kg6 Rf1 66. Kxg5 Rg1 67. Kh5 Rh1+ 68. Kg6 Rg1 69. g5 Rb1 70. Kh6 Kf5 71. g6 Rh1+ 72. Kg7 Rb1 73. Kh7 Rh1+ 74. Kg8 Rc1 75. g7 Rc8+ 76. Kh7 1-0

[Event "CRO Team Cup 2019"]
[Site "Losinj"]
[Date "2019.05.16"]
[Round "2.16"]
[White "Boric, Muhamed"]
[Black "Petrov, Jole"]
[Result "1/2-1/2"]
[ECO "A05"]
[WhiteElo "2342"]
[BlackElo "2406"]
[Annotator "RC"]
[PlyCount "124"]
[EventDate "2019.05.15"]
[EventType "team-tourn"]
[EventCountry "CRO"]
[SourceTitle "playchess.com"]
[Source "ChessBase"]
[SourceQuality "1"]
[TimeControl "40/5400+30:1800+30"]

1. Nf3 Nf6 2. g3 b5 3. Bg2 Bb7 4. O-O e6 5. d3 d5 6. e4 Be7 7. exd5 Nxd5 8. Nd4 c6 9. a4 b4 10. Nb3 a5 11. N1d2 O-O 12. Nc4 Qc7 13. Qg4 Nd7 14. Re1 N7f6 15. Qe2 c5 16. Qe5 Qd8 17. Bg5 Ra6 18. Ne3 Bd6 19. Bxf6 Nxf6 20. Qg5 h6 21. Qh4 Bxg2 22. Kxg2 Qa8+ 23. Kg1 Qc6 24. Nc4 Bc7 25. Qh3 Rc8 26. Qg2 Nd5 27. Qf3 Bd8 28. h4 Qc7 29. Kg2 Bf6 30. Re4 Ra7 31. Re2 Nb6 32. Nbd2 Nd5 33. Nb3 g6 34. Nbd2 Bg7 35. Rf1 Qc6 36. b3 Qc7 37. Ne4 Ra6 38. Kh1 Rd8 39. Ned2 Ra7 40. Qg2 Ra6 41. Nf3 Raa8 42. Nfd2 Re8 43. Rfe1 Rad8 44. Rf1 Kh7 45. Qf3 Nc3 46. Ree1 f5 47. h5 g5 48. Rxe6 Rf8 49. Rfe1 g4 50. Qc6 Qf7 51. Rg6 Rc8 52. Qd6 Rce8 53. Ree6 f4 54. gxf4 Rd8 55. Re7 Rxd6 56. Rxf7 Rxf7 57. Nxd6 Rxf4 58. N6e4 Nd1 59. Kg2 Bd4 60. Kg3 Be5 61. Kg2 Bd4 62. Kg3 Be5 1/2-1/2

[Event "CRO Team Cup 2019"]
[Site "Losinj"]
[Date "2019.05.16"]
[Round "2.17"]
[White "Biti, Ozren"]
[Black "Saric, Ante"]
[Result "1/2-1/2"]
[ECO "B23"]
[WhiteElo "2366"]
[BlackElo "2534"]
[Annotator "RC"]
[PlyCount "34"]
[EventDate "2019.05.15"]
[EventType "team-tourn"]
[EventCountry "CRO"]
[SourceTitle "playchess.com"]
[Source "ChessBase"]
[SourceQuality "1"]
[TimeControl "40/5400+30:1800+30"]

1. e4 c5 2. Nc3 Nc6 3. Bb5 Nd4 4. Bc4 e6 5. Nge2 Nf6 6. O-O a6 7. a4 d5 8. exd5 exd5 9. Ba2 Nxe2+ 10. Qxe2+ Be7 11. d3 Be6 12. Bg5 O-O 13. Qf3 Rb8 14. Rfb1 Bg4 15. Qg3 Be6 16. Qf3 Bg4 17. Qg3 Be6 1/2-1/2

[Event "CRO Team Cup 2019"]
[Site "Losinj"]
[Date "2019.05.16"]
[Round "2.20"]
[White "Cotic, Borna"]
[Black "Vargic, Drago"]
[Result "0-1"]
[ECO "C06"]
[WhiteElo "2103"]
[BlackElo "2274"]
[Annotator "RC"]
[PlyCount "130"]
[EventDate "2019.05.15"]
[EventType "team-tourn"]
[EventCountry "CRO"]
[SourceTitle "playchess.com"]
[Source "ChessBase"]
[SourceQuality "1"]
[TimeControl "40/5400+30:1800+30"]

1. e4 e6 2. d4 d5 3. Nd2 Nf6 4. e5 Nfd7 5. Bd3 c5 6. c3 Nc6 7. Ne2 cxd4 8. cxd4 Nb6 9. O-O a5 10. Nf3 a4 11. Bg5 Be7 12. Bxe7 Qxe7 13. Nc3 O-O 14. Rc1 f6 15. exf6 Qxf6 16. Bb5 a3 17. b3 Bd7 18. Na4 Nxa4 19. Bxa4 Be8 20. Bxc6 Bxc6 21. Qd2 Qe7 22. Ne5 Bb5 23. Rfe1 Rf6 24. Rc5 Be8 25. Rec1 Qd6 26. Rc8 Rxc8 27. Rxc8 Rf8 28. g3 h6 29. Kg2 Bb5 30. Rxf8+ Qxf8 31. Qc2 Ba6 32. Qg6 Qe7 33. Ng4 Kf8 34. Ne5 Kg8 35. Ng4 Kf8 36. Qh7 Ke8 37. Ne5 Kd8 38. Qc2 Bb5 39. Qc3 Be2 40. Qa5+ Kc8 41. b4 Kb8 42. Qxa3 Qc7 43. Qb2 Bb5 44. Qd2 g5 45. a3 Qh7 46. Qd1 Qe4+ 47. f3 Qe3 48. a4 Bc4 49. b5 Kc7 50. Ng4 Qc3 51. Nxh6 Qb2+ 52. Kg1 Be2 53. Qe1 Qxd4+ 54. Qf2 Qd1+ 55. Kg2 d4 56. Nf7 b6 57. Nxg5 Kd6 58. Ne4+ Kd5 59. h4 Qc2 60. Kh3 Qd1 61. Ng5 Bd3 62. g4 e5 63. h5 Qc1 64. Kh4 Bb1 65. Nh3 d3 0-1

[Event "CRO Team Cup 2019"]
[Site "Losinj"]
[Date "2019.05.16"]
[Round "3.1"]
[White "Saric, Ivan"]
[Black "Lalic, Bogdan"]
[Result "1/2-1/2"]
[ECO "C84"]
[WhiteElo "2694"]
[BlackElo "2400"]
[Annotator "RC"]
[PlyCount "77"]
[EventDate "2019.05.15"]
[EventType "team-tourn"]
[EventCountry "CRO"]
[SourceTitle "playchess.com"]
[Source "ChessBase"]
[SourceQuality "1"]
[TimeControl "40/5400+30:1800+30"]

1. e4 e5 2. Nf3 Nc6 3. Bb5 a6 4. Ba4 Nf6 5. O-O Be7 6. d3 d6 7. c3 O-O 8. Re1 b5 9. Bc2 Nb8 10. d4 Nbd7 11. Nbd2 Bb7 12. Nf1 Re8 13. Ng3 Bf8 14. a4 c5 15. d5 c4 16. Bg5 h6 17. Be3 Nc5 18. Qd2 Qc7 19. h3 Nfd7 20. Nh2 Nb6 21. a5 Nba4 22. Ng4 Nxb2 23. Bxh6 Bc8 24. Nf5 f6 25. Be3 Nbd3 26. Bxc5 Nxc5 27. Re3 Bxf5 28. exf5 Kf7 29. Rg3 Ke7 30. h4 Kd8 31. h5 Qf7 32. h6 gxh6 33. Nxh6 Qh7 34. Rg6 Bxh6 35. Rxh6 Qg7 36. Rg6 Qh8 37. Rh6 Qg7 38. Rg6 Qh8 39. Rh6 1/2-1/2

[Event "CRO Team Cup 2019"]
[Site "Losinj"]
[Date "2019.05.16"]
[Round "3.5"]
[White "Martinovic, Sasa"]
[Black "Kozul, Zdenko"]
[Result "1-0"]
[ECO "E94"]
[WhiteElo "2560"]
[BlackElo "2582"]
[Annotator "ChessBase"]
[PlyCount "77"]
[EventDate "2019.05.15"]
[EventType "team-tourn"]
[EventCountry "CRO"]
[SourceTitle "playchess.com"]
[Source "ChessBase"]
[SourceQuality "1"]
[TimeControl "40/5400+30:1800+30"]

1. d4 Nf6 2. c4 g6 3. Nc3 Bg7 4. e4 d6 5. h3 O-O 6. Nf3 c6 7. Be3 Na6 8. Bd3 e5 9. O-O Nh5 10. Re1 Nf4 11. Bf1 c5 12. d5 h6 13. Kh2 g5 14. g3 Ng6 15. Nd2 Qd7 16. a3 Bf6 17. Rb1 Kg7 18. Qh5 Bd8 19. b4 Bb6 20. Be2 Qd8 21. Na4 cxb4 22. Nxb6 axb6 23. axb4 f5 24. f4 Rh8 25. Bd3 Qf6 26. Rf1 exf4 27. gxf4 gxf4 28. exf5 Ne5 29. Bd4 Kf8 30. Ne4 Nf3+ 31. Rxf3 Qxd4 32. Nxd6 Ke7 33. Nb5 Qf6 34. Rxf4 Nxb4 35. Qe2+ Kd8 36. Rxb4 Re8 37. Qf2 Ra1 38. d6 Ree1 39. Qxb6+ 1-0

[Event "CRO Team Cup 2019"]
[Site "Losinj"]
[Date "2019.05.16"]
[Round "3.11"]
[White "Franic, Milan"]
[Black "Filipovic, Marko"]
[Result "1-0"]
[ECO "A58"]
[WhiteElo "2388"]
[BlackElo "2324"]
[Annotator "NA RC"]
[PlyCount "141"]
[EventDate "2019.05.15"]
[EventType "team-tourn"]
[EventCountry "CRO"]
[SourceTitle "playchess.com"]
[Source "ChessBase"]
[SourceQuality "1"]
[TimeControl "40/5400+30:1800+30"]

1. d4 Nf6 2. c4 c5 3. d5 b5 4. cxb5 a6 5. bxa6 Bxa6 6. Nc3 g6 7. Nf3 d6 8. Nd2 Bg7 9. e4 Bxf1 10. Nxf1 O-O 11. Ne3 Qa5 12. O-O Nbd7 13. Qc2 {[%emt 0:02:30] A58: Benko/Volga Gambit: Lines with 5 bxa6} Rfb8 14. Bd2 Ne8 (14... Nb6 15. b3 Qa6 16. a4 Ne8 17. h4 Bd4 18. Ra2 Nd7 19. Nc4 Ne5 20. Ne2 Nxc4 21. bxc4 {½-½ (36) Sasikiran,K (2637)-Faizulaev,A (2405) Abu Dhabi 2016}) 15. b3 Nc7 16. a4 Qa6 17. Rab1 Ne5 18. Rfd1 $146 ({Predecessor:} 18. Kh1 Nd3 19. Nc4 Nb4 20. Qd1 e6 21. dxe6 fxe6 {½-½ (42) Banovic,I (2190)-Stanojevic,B (2183) Novi Sad 2017}) 18... Nd3 19. Be1 Nxe1 20. Rxe1 Rb4 21. Ne2 Rab8 22. Nc4 Na8 23. Nc3 Nc7 24. Red1 Bd4 25. Ne2 Bg7 26. g3 Na8 27. Nf4 R4b7 28. Ng2 Rb4 29. Nge3 Bd4 30. Qd3 (30. h3 $16) 30... R4b7 (30... Bxe3 $1 $11 {remains equal.} 31. Qxe3 Nb6) 31. Nc2 Bg7 32. N2a3 Nc7 33. Kg2 Bd4 34. Nc2 Bg7 35. f4 Rd8 36. Qf3 e6 37. dxe6 (37. g4 $18) 37... fxe6 38. f5 exf5 39. exf5 d5 40. N2e3 d4 (40... Bd4 $14 41. Na3 Bxe3 42. Qxe3 d4) 41. fxg6 hxg6 42. Ng4 Nd5 43. Rf1 Nc3 44. Rbe1 Rf8 (44... d3 $14) 45. Qd3 Rxf1 46. Rxf1 Qc6+ 47. Kh3 (47. Rf3 $16 Kh7 48. Na5) 47... Qe6 48. Nd2 Nd5 49. Qe4 Qxe4 50. Nxe4 Rxb3 51. Nxc5 Rc3 52. Ne6 d3 53. Rd1 Ra3 54. Nf2 Rxa4 55. Rxd3 Ra5 56. Ne4 Ne7 $2 ({Better is} 56... Bf8 $14) 57. Rd8+ Kh7 58. Rd7 Nf5 59. g4 Ra3+ 60. Kg2 Ra2+ 61. Kg1 (61. Kf3 $142 Nd4+ 62. Nxd4) 61... Ra1+ (61... Kh6 $142 62. h3 Ra4 63. gxf5 Rxe4 64. Nxg7 Kg5) 62. Kf2 Ra2+ 63. Ke1 Ra1+ 64. Ke2 Ra2+ 65. Nd2 Kh6 66. gxf5 Be5 67. fxg6 (67. h3 ) 67... Kxg6 68. h3 Ra6 69. Nd4 Rd6 70. Rxd6+ $18 Bxd6 71. Kf3 1-0

[Event "CRO Team Cup 2019"]
[Site "Losinj"]
[Date "2019.05.16"]
[Round "3.12"]
[White "Vargic, Drago"]
[Black "Valkovic, Kristian"]
[Result "1/2-1/2"]
[ECO "B09"]
[WhiteElo "2274"]
[BlackElo "2055"]
[Annotator "ChessBase"]
[PlyCount "108"]
[EventDate "2019.05.15"]
[EventType "team-tourn"]
[EventCountry "CRO"]
[SourceTitle "playchess.com"]
[Source "ChessBase"]
[SourceQuality "1"]
[TimeControl "40/5400+30:1800+30"]

1. e4 d6 2. d4 Nf6 3. Nc3 g6 4. f4 Bg7 5. Nf3 O-O 6. e5 dxe5 7. fxe5 Nd5 8. Bc4 Be6 9. Bb3 c5 10. Ne4 cxd4 11. Nxd4 Bxe5 12. Bh6 Bg7 13. Bxg7 Kxg7 14. Ng5 Qa5+ 15. c3 Nf4 16. Ngxe6+ fxe6 17. O-O e5 18. Rxf4 Rxf4 19. Ne6+ Kh6 20. g3 Qb6+ 21. Kh1 Re4 22. Bd5 Nd7 23. Qd2+ Qe3 24. Qd1 Nf6 25. Bxe4 Qxe4+ 26. Kg1 Qe3+ 27. Kg2 Qe4+ 28. Qf3 Qxf3+ 29. Kxf3 Rc8 30. Rd1 Rc6 31. Nd8 Rb6 32. b3 Kg7 33. c4 a5 34. c5 Rb4 35. c6 bxc6 36. Nxc6 Rb5 37. Nxe7 a4 38. bxa4 Ra5 39. Nc6 e4+ 40. Kf4 g5+ 41. Ke3 Rxa4 42. Rd2 Ng4+ 43. Ke2 Nxh2 44. Rd7+ Kg6 45. Ra7 Rxa7 46. Nxa7 Ng4 47. a4 Ne5 48. a5 Nc4 49. a6 Nb6 50. Nc6 Kf5 51. a7 Kg4 52. Ne7 Kxg3 53. Nd5 Na8 54. Nf6 Kf4 1/2-1/2

[Event "CRO Team Cup 2019"]
[Site "Losinj"]
[Date "2019.05.16"]
[Round "3.13"]
[White "Janzelj, Tim"]
[Black "Bender, Ivan"]
[Result "1/2-1/2"]
[ECO "E39"]
[WhiteElo "2380"]
[BlackElo "2205"]
[Annotator "NA"]
[PlyCount "111"]
[EventDate "2019.05.15"]
[EventType "team-tourn"]
[EventCountry "CRO"]
[SourceTitle "playchess.com"]
[Source "ChessBase"]
[SourceQuality "1"]
[TimeControl "40/5400+30:1800+30"]

1. d4 Nf6 2. c4 e6 3. Nc3 Bb4 4. Qc2 O-O 5. Nf3 c5 6. dxc5 Na6 7. g3 Nxc5 8. Bg2 b6 9. O-O Bxc3 10. Qxc3 Bb7 11. b3 {[%emt 0:06:30] E39: Nimzo-Indian: Classical: 4...c5 5 dxc5 0-0} Qe7 12. Bb2 d6 13. Rad1 $146 ({Predecessor:} 13. Rac1 Rac8 14. Rfd1 e5 15. Nh4 Bxg2 16. Nxg2 Nfe4 17. Qc2 f5 18. b4 Nd7 {1-0 (54) Nihal,S (2340)-Tari,A (2584) chess.com INT 2017}) 13... e5 14. Nh4 Bxg2 15. Nxg2 Qe6 16. f3 Rab8 17. e4 b5 18. cxb5 Rxb5 19. Ne3 Rfb8 20. Nc4 Ne8 21. Ba3 Nb7 22. Qe3 Ra8 23. Rd2 a5 24. Rfd1 a4 25. Nb6 Rxb6 26. Qxb6 axb3 27. Bb2 Na5 (27... Nc5 $142) 28. axb3 Qxb3 29. Qxb3 Nxb3 30. Rd5 f6 31. Rb5 Nc5 32. Kf2 Kf7 33. Ke3 Ke6 34. f4 Ra4 35. f5+ Ke7 36. Kf3 (36. Ra1 $1 $14 Rxe4+ 37. Kf3) 36... Nxe4 37. Rb7+ Kf8 38. Ra1 Rxa1 $11 (38... d5 $2 ) 39. Bxa1 d5 40. Bb2 g6 41. Ba3+ Kg8 42. fxg6 hxg6 43. Rd7 Ng5+ 44. Kg2 d4 45. h4 Ne6 46. g4 f5 47. Bc1 fxg4 48. Kg3 Nf6 49. Re7 Nc5 50. Rxe5 Nd3 51. Re6 Kf7 52. Rc6 Ne4+ 53. Kxg4 Ne5+ {[%emt 0:00:50] Double Attack} 54. Kf4 $11 {[%emt 0:00:02] Double Attack} Nxc6 55. Kxe4 Ke6 56. Bb2 1/2-1/2

[Event "CRO Team Cup 2019"]
[Site "Losinj"]
[Date "2019.05.16"]
[Round "3.14"]
[White "Separovic, Tomislav"]
[Black "Ostovic, Matija"]
[Result "0-1"]
[ECO "D37"]
[WhiteElo "2141"]
[BlackElo "2391"]
[Annotator "NA RC"]
[PlyCount "104"]
[EventDate "2019.05.15"]
[EventType "team-tourn"]
[EventCountry "CRO"]
[SourceTitle "playchess.com"]
[Source "ChessBase"]
[SourceQuality "1"]
[TimeControl "40/5400+30:1800+30"]

1. d4 Nf6 2. c4 e6 3. Nf3 d5 4. e3 Be7 5. Nc3 O-O 6. Bd3 dxc4 7. Bxc4 c5 8. O-O {[%emt 0:01:00] D37: Queen's Gambit Declined: 5 Bf4} cxd4 9. Nxd4 (9. exd4 a6 10. a3 b5 11. Ba2 Bb7 12. Re1 Nbd7 13. Bg5 Nb6 14. Qd3 Nbd5 15. Rad1 Rc8 16. Nxd5 Bxd5 17. Bb1 g6 18. Ne5 Rc7 19. h4 Nh5 {½-½ (62) Salem,A (2660)-Fridman,D (2633) St Petersburg 2018}) 9... a6 10. a3 b5 11. Be2 e5 12. Nf3 Qc7 $146 ({Predecessor:} 12... e4 13. Nd2 {0-1 (31) De Lira,C-Silva,I (1790) Brazil 2003}) 13. Bd2 e4 14. Nd4 Qe5 15. f4 exf3 16. Nxf3 Qe6 17. Ng5 Qe5 18. Nf3 Qd6 19. Qc2 Bb7 20. Ng5 Nbd7 21. Bf3 Bxf3 22. Rxf3 h6 23. Nge4 Nxe4 24. Nxe4 Qe6 25. Bc3 Ne5 26. Bxe5 Qxe5 27. Rc1 Qe6 28. Nc3 Rac8 29. Qf5 Qxf5 30. Rxf5 Bf6 31. Rd5 Rc6 32. Kf2 Rfc8 33. Rd3 a5 34. Rb1 Bxc3 35. Rxc3 Rxc3 36. bxc3 Rxc3 37. Rxb5 Rxa3 38. Rb8+ Kh7 39. Ra8 Kg6 40. Ra7 a4 41. Ra5 Ra1 42. h3 (42. Ra6+ $142 Kf5 43. Ra7) 42... a3 43. Kg3 Kf6 44. Kf3 Ke6 45. Kf2 (45. Ke4 {was forced.}) 45... g6 46. Kg3 h5 47. h4 f6 48. Kf2 Kd6 49. Kg3 Kc6 50. Ra6+ (50. Kf2 $142) 50... Kb5 51. Rxf6 $19 Re1 52. Kf2 a2 0-1

[Event "CRO Team Cup 2019"]
[Site "Losinj"]
[Date "2019.05.16"]
[Round "3.16"]
[White "Ivankovic, Ivo"]
[Black "Boric, Muhamed"]
[Result "0-1"]
[ECO "B14"]
[WhiteElo "2081"]
[BlackElo "2342"]
[Annotator "ChessBase"]
[PlyCount "88"]
[EventDate "2019.05.15"]
[EventType "team-tourn"]
[EventCountry "CRO"]
[SourceTitle "playchess.com"]
[Source "ChessBase"]
[SourceQuality "1"]
[TimeControl "40/5400+30:1800+30"]

1. c4 c6 2. e4 d5 3. exd5 cxd5 4. d4 Nf6 5. Nc3 g6 6. Nf3 Bg7 7. h3 O-O 8. Be3 Nc6 9. Qd2 Ne4 10. Nxe4 dxe4 11. Ng5 Bxd4 12. Bxd4 Qxd4 13. Qxd4 Nxd4 14. O-O-O Rd8 15. Nxe4 Bf5 16. Nc3 h5 17. b3 Rac8 18. Kb2 Ne6 19. Rxd8+ Rxd8 20. Nd5 Kf8 21. f3 h4 22. Be2 Nc7 23. Rd1 Nxd5 24. Rxd5 Rxd5 25. cxd5 Ke8 26. Kc3 Kd7 27. Kd4 Kd6 28. b4 Bb1 29. Bc4 Bc2 30. f4 f5 31. Be2 Be4 32. Bf3 Bb1 33. a3 Ba2 34. a4 b6 35. a5 bxa5 36. bxa5 Bb3 37. Be2 Bxd5 38. Bf1 Bb7 39. Ke3 e5 40. fxe5+ Kxe5 41. Kf2 Kf4 42. Bb5 g5 43. Bd7 g4 44. hxg4 fxg4 0-1

[Event "CRO Team Cup 2019"]
[Site "Losinj"]
[Date "2019.05.16"]
[Round "3.18"]
[White "Tica, Sven"]
[Black "Plenca, Julijan"]
[Result "0-1"]
[ECO "A81"]
[WhiteElo "2417"]
[BlackElo "2411"]
[Annotator "RC"]
[PlyCount "74"]
[EventDate "2019.05.15"]
[EventType "team-tourn"]
[EventCountry "CRO"]
[SourceTitle "playchess.com"]
[Source "ChessBase"]
[SourceQuality "1"]
[TimeControl "40/5400+30:1800+30"]

1. Nf3 f5 2. d4 Nf6 3. g3 g6 4. Bg2 Bg7 5. O-O O-O 6. b3 c6 7. c4 Ne4 8. Bb2 a5 9. Nc3 d5 10. e3 b6 11. Ne2 a4 12. Qc1 Na6 13. Nf4 e6 14. Nd3 Rf7 15. Nfe5 Rc7 16. f3 Nf6 17. Qd2 c5 18. dxc5 Nxc5 19. Nxc5 bxc5 20. Rfd1 Qe8 21. Qc2 Bb7 22. Nd3 dxc4 23. Qxc4 g5 24. Be5 Ba6 25. Qc1 Rcc8 26. f4 c4 27. bxc4 Rxc4 28. Qb2 a3 29. Qxa3 Bf8 30. Qb3 Ng4 31. Bxa8 Qxa8 32. Qb6 Bc8 33. Rac1 Qf3 34. Rd2 Rxc1+ 35. Nxc1 Nxe3 36. Qb5 Bb7 37. Bd4 Ng4 0-1